 Dungeon Crawl Stone Soup version 0.25.1-2-g60ff931df9 (webtiles) character file.

Game seed: 4575792013833401521

11902 Chimkentus the Fighter (level 11, -5/80 HPs)
             Began as an Octopode Assassin on Aug 29, 2020.
             Was a Priest of Wu Jian.
             Slain by an ice dragon (6 damage)
             ... in an ice cave.
             The game lasted 01:04:32 (10547 turns).

Chimkentus the Fighter (Octopode Assassin)         Turns: 10547, Time: 01:04:33

Health: -5/80      AC:  3    Str: 11    XL:     11   Next: 85%
Magic:  12/12      EV: 22    Int: 13    God:    Wu Jian [***...]
Gold:   86         SH: 10    Dex: 29    Spells: 7/11 levels left

rFire    . . .     SeeInvis .   V - +1 dagger (elec)
rCold    + . .     Gourm    .   x - +2 buckler
rNeg     + . .     Faith    .   h - +2 hat
rPois    .         Spirit   .   (no amulet)
rElec    .         Reflect  .   j - +6 ring of dexterity
rCorr    .         Harm     .   y - +6 ring of dexterity
MR       .....                  M - ring of protection from cold
Stlth    +++++.....             K - ring of positive energy
HPRegen  0.23/turn              (no ring)
MPRegen  0.13/turn              (no ring)
                                (no ring)
                                (no ring)

@: stab
A: almost no armour, stealthy swim, amphibious, 8 rings, constrict 8, camouflage
1, gelatinous body 1
a: Wall Jump, Serpent's Lash, Renounce Religion


You were in an ice cave.
You worshipped Wu Jian.
Wu Jian was most pleased with you.
You were not hungry.

You visited 4 branches of the dungeon, and saw 14 of its levels.
You also visited: Ice Cave.

You collected 533 gold pieces.
You spent 447 gold pieces at shops.

Inventory:

Hand Weapons
 a - a +2 dagger
 s - a +3 dagger
 w - a +7 hunting sling of flaming
 L - a +3 hand axe
 T - a +2 falchion of holy wrath
 V - a +1 dagger of electrocution (weapon)
Missiles
 b - 66 poisoned darts (quivered)
 i - 167 stones
 p - a curare-tipped dart
 D - 5 silver javelins
 E - 16 boomerangs
 U - 7 datura-tipped darts
Armour
 h - a +2 hat (worn)
 x - a +2 buckler (worn)
Jewellery
 j - a +6 ring of dexterity (left tentacle)
 y - a +6 ring of dexterity (right tentacle)
 K - a ring of positive energy (on tentacle)
 M - a ring of protection from cold (on tentacle)
Wands
 v - a wand of random effects (13)
 F - a wand of clouds (2)
 J - a wand of paralysis (9)
 R - a wand of iceblast (6)
Scrolls
 e - 5 scrolls of remove curse
 g - 4 scrolls of teleportation
 t - a scroll of identify
 H - a scroll of blinking
Potions
 c - 2 potions of heal wounds
 f - a potion of flight
 m - a potion of haste
 r - a potion of brilliance {unknown}
 A - a potion of cancellation {unknown}
 B - 13 potions of curing
 G - a potion of lignification {unknown}
Miscellaneous
 Q - a phantom mirror
 X - a tin of tremorstones (3/3)
Comestibles
 d - 11 rations


   Skills:
 * Level 9.5 Fighting
 + Level 2.8 Short Blades
 + Level 0.2(0.7) Axes
   Level 1.1 Maces & Flails
 + Level 8.6(9.3) Slings
 + Level 5.5(7.9) Throwing
 * Level 8.3 Dodging
 + Level 7.4 Stealth
 * Level 8.0 Shields
 + Level 0.5 Spellcasting
 + Level 0.7 Summonings
 + Level 1.8 Evocations


You had 7 spell levels left.
You knew the following spells:

 Your Spells              Type           Power        Failure   Level  Hunger
a - Summon Small Mammal   Summ           #...         22%         1    ##.....
b - Call Canine Familiar  Summ           #.......     54%         3    ####...

Your spell library contained the following spells:

 Spells                   Type           Power        Failure   Level  Hunger
 Call Imp                 Summ           #.......     32%         2    ###....
 Summon Guardian Golem    Hex/Summ       #.......     58%         3    ####...
 Summon Ice Beast         Ice/Summ       #.......     94%         4    #####..
 Summon Lightning Spire   Summ/Air       #.......     94%         4    #####..


Dungeon Overview and Level Annotations

Branches:
Dungeon (11/15)            Temple (1/1) D:7            Lair (1/6) D:8
    Orc (1/2) D:10          IceCv (1/1)

Altars:
Ashenzari
Cheibriados
Dithmenos
Elyvilon
Fedhas
Gozag
Hepliaklqana
Kikubaaqudgha
Makhleb
Nemelex Xobeh
Okawaru
Qazlal
Ru
Sif Muna
Trog
Uskayaw
Vehumet
Wu Jian
Xom
Yredelemnul
Zin
The Shining One

Shops:
D:7 ![=*(

Annotations:
D:3 2 transporters, matti1234's ghost, amateur OpWr
Lair:1 exclusion: oklob plant IceCv exclusion: 2 ice statues


Innate Abilities, Weirdness & Mutations

You cannot wear most types of armour.
You are very stealthy in the water. (Stealth+)
You are amphibious.
You can wear up to eight rings at the same time.
You can use your tentacles to constrict eight enemies at once.
Your skin changes colour to match your surroundings (Stealth+).
Your rubbery body absorbs attacks. (AC +1, EV +1)


Message History

The ice dragon misses you. You block the ice dragon's attack.
You hear a deafening roar!
You feel much better. The ice dragon bites you.
The ice dragon barely misses you. You block the ice dragon's attack.
Aiming: Wall Jump
Press: ? - help, Dir - move target cursor You repeatedly attack the ice dragon from above.
You hit the ice dragon but do no damage.
Lightning courses through the ice dragon!
The ice dragon is severely wounded.
You hit the ice dragon but do no damage.
You squeeze the ice dragon, but do no damage.
The ice dragon is severely wounded.
The ice dragon bites you!
* * * LOW HITPOINT WARNING * * *
The ice dragon claws you but does no damage.
The ice dragon closely misses you. x2; The ice dragon claws you!
* * * LOW HITPOINT WARNING * * *
The ice dragon tramples you.
You die...

######...##
##......###
##....#### ####
### ##..####
#$$$ ##.###..##
$$.($ #....#.##
$...D #.##...#
......
###°○#####
..(...###.##@°.#
#.....#...D°○##
#..(...####
########


You could see an ice dragon (catching breath).

Vanquished Creatures
  A hydra (Lair:1)
  2 two-headed ogres
  2 ice devils (Lair:1)
  A rime drake (IceCv)
  A komodo dragon (Lair:1)
  Grinder (D:3)
  A hippogriff (D:10)
  A human (D:10)
  2 wraiths (D:10)
  5 yaks (D:10)
  A warg (D:10)
  16 ice beasts
  7 orc warriors
  A sky beast (D:6)
  2 black bears
  A hornet zombie (D:7)
  6 ogres
  An eye of draining (D:10)
  2 necrophages
  2 phantoms
  6 centaurs
  A crocodile (D:8)
  2 big kobolds
  9 bullfrogs
  A wyvern skeleton (D:10)
  8 scorpions
  3 wights (D:7)
  3 crimson imps
  A bullfrog zombie (D:4)
  A centaur zombie (D:6)
  7 orc priests
  7 jellies
  8 hounds
  17 orc wizards
  2 bullfrog skeletons
  3 iguanas
  Terence (D:2)
  5 worker ants
  A hound skeleton (D:10)
  3 gnolls
  9 adders
  2 shadow imps (D:6)
  3 oozes
  An adder zombie (D:6)
  2 worms
  2 dart slugs (D:1)
  3 leopard geckos
  47 orcs
  3 bats
  3 giant cockroaches
  7 goblins
  6 hobgoblins
  7 jackals
  5 quokkas
  5 ball pythons
  4 frilled lizards
  16 kobolds
  A quokka skeleton (D:7)
  5 rats
  A plant (D:8)
277 creatures vanquished.

Vanquished Creatures (collateral kills)
  A spiny frog (Lair:1)
1 creature vanquished.

Vanquished Creatures (others)
  A fungus (D:8)
  A plant (D:8)
2 creatures vanquished.

Grand Total: 280 creatures vanquished

Notes
Turn   | Place    | Note
-------+----------+-------------------------------------------
     0 | D:1      | Chimkentus the Octopode Assassin began the quest for the
                  | Orb.
     0 | D:1      | Reached XP level 1. HP: 14/14 MP: 1/1
    93 | D:1      | Reached XP level 2. HP: 19/19 MP: 2/2
   436 | D:1      | Reached XP level 3. HP: 25/25 MP: 3/3
   828 | D:2      | Noticed Terence
  1119 | D:2      | Found a faded altar of an unknown god.
  1597 | D:2      | Killed Terence
  1597 | D:2      | Reached skill level 3 in Fighting
  1597 | D:2      | Reached XP level 4. HP: 31/31 MP: 4/4
  1880 | D:3      | Reached XP level 5. HP: 24/36 MP: 5/5
  2109 | D:3      | Noticed Grinder
  2250 | D:3      | Noticed an ogre
  2285 | D:3      | Killed an ogre
  2285 | D:3      | Reached skill level 4 in Fighting
  2285 | D:3      | Reached skill level 1 in Shields
  2285 | D:3      | Reached XP level 6. HP: 43/43 MP: 6/6
  2454 | D:3      | Found a transporter.
  2457 | D:3      | Noticed matti1234's ghost (amateur OpWr)
  2460 | D:3      | Found a transporter.
  2512 | D:3      | Killed Grinder
  2512 | D:3      | Reached XP level 7. HP: 39/49 MP: 7/7
  2689 | D:4      | Reached skill level 5 in Fighting
  2793 | D:5      | Entered Level 5 of the Dungeon
  2933 | D:5      | Reached XP level 8. HP: 56/56 MP: 8/8
  3405 | D:4      | Reached skill level 1 in Evocations
  3408 | D:4      | Reached skill level 6 in Fighting
  3858 | D:6      | Reached skill level 5 in Throwing
  3858 | D:6      | Reached skill level 5 in Dodging
  3866 | D:6      | Reached skill level 1 in Maces & Flails
  3896 | D:6      | Found an iron altar of Okawaru.
  4309 | D:6      | Reached XP level 9. HP: 63/63 MP: 9/9
  4416 | D:6      | Reached skill level 1 in Slings
  4511 | D:6      | Reached skill level 7 in Fighting
  5324 | D:7      | Found Hiaruyc's Armour Boutique.
  5462 | D:7      | Reached skill level 5 in Shields
  5529 | D:7      | Found Tirouschu's Assorted Antiques.
  5533 | D:7      | Bought a glass ring for 145 gold pieces
  5534 | D:7      | Bought a scroll labeled ASAHAL ZYSIRU for 29 gold pieces
  5534 | D:7      | Bought a silvery potion for 26 gold pieces
  5534 | D:7      | Bought a sapphire potion for 26 gold pieces
  5534 | D:7      | Bought a scroll labeled MINEBEULLO for 29 gold pieces
  5549 | D:7      | Found Puavocw Fiun's Jewellery Shoppe.
  5759 | D:7      | Found Ugoerph's Weapon Shoppe.
  5874 | D:7      | Found a staircase to the Ecumenical Temple.
  5880 | Temple   | Entered the Ecumenical Temple
  6042 | Temple   | Became a worshipper of the Wu Jian Council
  6336 | D:8      | You fall into a shaft and drop 3 floors!
  6356 | D:11     | Reached XP level 10. HP: 72/72 MP: 11/11
  6398 | D:11     | Noticed a cyclops
  6429 | D:11     | Noticed a two-headed ogre
  6443 | D:11     | Killed a two-headed ogre
  6443 | D:11     | Reached skill level 8 in Fighting
  6560 | D:11     | Noticed a cyclops
  6614 | D:10     | Entered Level 10 of the Dungeon
  6759 | D:10     | Reached skill level 5 in Slings
  6853 | D:10     | Reached * piety under Wu Jian
  7922 | D:8      | Noticed a two-headed ogre
  8011 | D:8      | Found a staircase to the Lair.
  8043 | D:8      | Killed a two-headed ogre
  8170 | D:8      | Found a sacrificial altar of Ru.
  8175 | D:8      | Reached ** piety under Wu Jian
  8509 | D:7      | Found Zeonol's Distillery.
  8512 | D:7      | Bought a potion of heal wounds for 80 gold pieces
  8512 | D:7      | Bought a potion of might for 64 gold pieces
  8512 | D:7      | Bought a potion of curing for 48 gold pieces
  8811 | D:10     | Reached XP level 11. HP: 78/78 MP: 12/12
  9052 | D:10     | Found a staircase to the Orcish Mines.
  9064 | D:10     | Reached skill level 9 in Fighting
  9440 | D:10     | Reached *** piety under Wu Jian
  9830 | Orc:1    | Entered Level 1 of the Orcish Mines
  9907 | D:10     | Learned a level 1 spell: Summon Small Mammal
  9911 | D:10     | Learned a level 3 spell: Call Canine Familiar
  9988 | Lair:1   | Entered Level 1 of the Lair of Beasts
  9995 | Lair:1   | Noticed a five-headed hydra
 10021 | Lair:1   | Killed a five-headed hydra
 10132 | Lair:1   | Noticed an oklob plant
 10142 | Lair:1   | Found a frozen archway.
 10183 | IceCv    | Entered an ice cave
 10502 | IceCv    | Noticed an ice dragon
 10506 | IceCv    | Noticed an ice dragon
 10545 | IceCv    | HP: 2/80 [ice dragon (6)]
 10547 | IceCv    | Slain by an ice dragon

Illustrated notes

Levels and vault maps discovered:
D:1:      dpeg_arrival_central, layout_basic
D:2:      layout_loops_ring, chequers_ecumenical_altar_twisty, uniq_terence
D:3:      minmay_skewed_foursquare, layout_rooms, gammafunk_ghost_smash,
          uniq_grinder
D:4:      layout_loops_ring
D:5:      layout_basic, first_ration, minmay_fractal_squares_5
D:6:      minmay_diamond_boxcup, layout_loops_ring, basic_altar
D:7:      layout_basic, minmay_temple_entry_trees, serial_shops, shop,
          kennysheep_little_box, nicolae_shop_crystal, shop, kennysheep_mini,
          grunt_decor_arrowhead
D:8:      layout_cave_pools, lemuel_doored_altar, grunt_lair_entry_orc_guard_hut
D:9:      layout_stronghold
D:10:     layout_basic, erik_orc_4
D:11:     layout_basic
Temple:   kilobyte_greek_temple
Lair:1:   minmay_lair_oklob_tunnel, layout_regular_city,
          portal_ice_cave_demonic_guard, grunt_megastairs_2
Orc:1:    layout_caves, gammafunk_ghost_grave, trog_book
IceCv:    ice_cave_small_dragons

Skill      XL: |  1  2  3  4  5  6  7  8  9 10 11 |
---------------+----------------------------------+-----
Dodging        | 2 3 4 5 6 7 8 |  8.3
Fighting       | 3 4 5 6 7 8 9 |  9.5
Throwing       | 3 4 5 |  5.5
Shields        | 1 2 3 5 6 8 |  8.0
Evocations     | 1 |  1.8
Maces & Flails | 1 |  1.1
Slings         | 3 6 8 |  8.6
Stealth        | 6 7 |  7.4
Short Blades   | |  2.8
Axes           | |  0.2
Spellcasting   | |  0.5
Summonings     | |  0.7

Action                   |  1- 3 |  4- 6 |  7- 9 | 10-12 || total
-------------------------+-------+-------+-------+-------++-------
Melee: Dagger            |    53 |    50 |   152 |   143 ||   398
       Constrict         |    11 |    13 |    29 |    22 ||    75
       Tentacles         |     5 |    14 |    41 |    64 ||   124
       Mace              |       |     9 |     6 |       ||    15
       Hand axe          |       |       |     6 |       ||     6
       Falchion          |       |       |       |     3 ||     3
 Fire: Hunting sling     |       |       |    76 |   319 ||   395
Throw: Dart              |     8 |     8 |    15 |     5 ||    36
 Cast: Summon Small Mamm |       |       |       |     3 ||     3
Invok: Lunge             |       |       |       |    11 ||    11
       Whirlwind         |       |       |       |    27 ||    27
       Serpent's Lash    |       |       |       |     2 ||     2
 Abil: Wall Jump         |       |       |       |    14 ||    14
Evoke: Wand              |       |     4 |     7 |     6 ||    17
  Use: Scroll            |     1 |       |    13 |     9 ||    23
       Potion            |       |       |       |     6 ||     6
 Stab: Sleeping          |    14 |     9 |    32 |     9 ||    64
       Distracted        |     2 |       |       |       ||     2
       Paralysed         |       |       |     1 |     1 ||     2
  Eat: Chunk             |     2 |     3 |    12 |    11 ||    28
       Ration            |       |       |       |     1 ||     1
Armor: Skin              |     7 |     5 |     4 |     5 ||    21
Dodge: Dodged            |    27 |    37 |    70 |    64 ||   198
Block: Buckler           |       |     2 |    50 |    46 ||    98
